 Dungeon Crawl Stone Soup version 0.30.0 (webtiles) character file.

Game seed: 14650223637387387893

128 porkupine the Stinger (level 5, -6/42 HPs)
             Began as a Naga Venom Mage on May 10, 2023.
             Mangled by a gnoll
             ... wielding a +0 whip
              (9 damage)
             ... on level 2 of the Dungeon.
             The game lasted 00:06:04 (1546 turns).

porkupine the Stinger (Naga Venom Mage)             Turns: 1546, Time: 00:06:04

Health: -6/42      AC:  2    Str: 10    XL:     5   Next: 11%
Magic:  2/9        EV: 10    Int: 17    God:
Gold:   46         SH:  0    Dex: 12    Spells: 7/10 levels left

rFire   . . .        g - +0 trident
rCold   . . .        (no shield)
rNeg    . . .        a - +0 robe
rPois   +            (no helmet)
rElec   .            (no cloak)
rCorr   .            (no gloves)
SInv    +            (no barding)
Will    .....        h - amulet of magic regeneration
Stlth   ++           (no ring)
HPRegen 0.27/turn    (no ring)
MPRegen 0.51/turn

%: no passive effects
@: short of breath, very slightly contaminated, very slow
A: AC +1, large, see invisible, deformed body, poison resistance, slowness 2,
spit poison 1, naga tail 1
a: Spit Poison


You were on level 2 of the Dungeon.
You visited 1 branch of the dungeon, and saw 2 of its levels.

You collected 46 gold pieces.

Inventory:

Hand Weapons
 d - a +0 dagger
 g - a +0 trident (weapon)
 j - a +1 dagger of flaming
 k - a +0 sling
Armour
 a - a +0 robe (worn)
Jewellery
 e - a ring of willpower
 h - an amulet of magic regeneration (around neck)
Scrolls
 i - a scroll of teleportation {unknown}
Potions
 b - a potion of magic
 c - a potion of mutation {unknown}
 f - a potion of curing {unknown}


   Skills:
 + Level 2.7 Dodging
 - Level 3.0 Stealth
 + Level 3.1 Spellcasting
 - Level 1.0 Transmutations
 + Level 5.4 Poison Magic


You had 7 spell levels left.
You knew the following spells:

 Your Spells              Type           Power      Damage    Failure   Level
a - Sting                 Tmut/Pois      52%        1d5       4%          1
b - Poisonous Vapours     Pois/Air       22%        N/A       9%          2

Your spell library contained the following spells:

 Spells                   Type           Power      Damage    Failure   Level
 Olgreb's Toxic Radiance  Pois           21%        N/A       19%         4
 Mephitic Cloud           Conj/Pois/Air  8%         N/A       26%         3


Dungeon Overview and Level Annotations

Branches:
Dungeon (2/15)

Altars:


Innate Abilities, Weirdness & Mutations

Your serpentine skin is tough. (AC +1)
You have supernaturally acute eyesight. (SInv)
Armour fits poorly on your strangely shaped body.
Your system is resistant to poisons. (rPois)
You cover ground very slowly.
You can spit poison.
You have a snake-like lower body.


Message History

Aiming: Sting (safe; 4% risk of failure)
Press: ? - help, Shift-Dir - straight line, f - gnoll
Aim: a gnoll, wielding a +0 whip (75% to hit)
The sting hits the gnoll.
The gnoll is poisoned.
The gnoll is lightly wounded.
The gnoll hits you with a +0 whip!
* * * LOW HITPOINT WARNING * * *
Casting: Sting (safe; 4% risk of failure)
Confirm with . or Enter, or press ? or * to list all spells.
Aiming: Sting (safe; 4% risk of failure)
Press: ? - help, Shift-Dir - straight line, f/p - gnoll
Aim: a gnoll, wielding a +0 whip (lightly wounded, poisoned, 75% to hit)
You miscast Sting.
You are very lightly contaminated with residual magic.
Nothing appears to happen.
You have got your breath back.
The gnoll hits you with a +0 whip!
* * * LOW HITPOINT WARNING * * *
Aiming: Spit Poison (1% risk of failure)
Press: ? - help, Shift-Dir - straight line, f/p - gnoll
Aim: a gnoll, wielding a +0 whip (moderately wounded, poisoned, 65% to hit)
The splash of poison misses the gnoll.
The gnoll closely misses you.
Casting: Sting (safe; 4% risk of failure)
Confirm with . or Enter, or press ? or * to list all spells.
Aiming: Sting (safe; 4% risk of failure)
Press: ? - help, Shift-Dir - straight line, f/p - gnoll
Aim: a gnoll, wielding a +0 whip (heavily wounded, poisoned, 75% to hit)
The sting hits the gnoll.
The gnoll looks even sicker.
The gnoll is severely wounded.
The gnoll hits you but does no damage.
Casting: Sting (safe; 4% risk of failure)
Confirm with . or Enter, or press ? or * to list all spells.
Aiming: Sting (safe; 4% risk of failure)
Press: ? - help, Shift-Dir - straight line, f/p - gnoll
Aim: a gnoll, wielding a +0 whip (severely wounded, very poisoned, 75% to hit)
The sting hits the gnoll but does no damage.
The gnoll looks even sicker.
The gnoll is severely wounded.
The gnoll hits you with a +0 whip!
You die...

..............)..#######****,,,,,
.....................?..,*,,,,,,,
.......^..............##,*,*****+
........................,*,*****,
...............)........,,,,,,>*,
....................($..,*******,
).................†.l#*,,** *,
......#....##**#g)#,,,,,,,*** *,
......###### ##@.#,,,,,*,*,* *,
.)....# ####)..#*,**,*,*,* *,
).....# #....#.##..,,*,*,****,
####### ####..........<,*,*,,,,,,
#########.....###.....#,*,,,,,,*,
..##.......##.# *######,*,,,****,
#..........##.# *,,,,,*,,,,
####).>.......# *,,,,,,,,,,
#.......#### *,,,,,*,,,,


You could see a gnoll (very poisoned).

Vanquished Creatures
  Jessica (D:2)
  Robin (D:2)
  3 gnolls (D:2)
  2 worms (D:2)
  2 dart slugs
  4 bats (D:1)
  5 endoplasms (D:1)
  2 giant cockroaches (D:1)
  8 goblins
  6 hobgoblins (D:2)
  2 jackals (D:1)
  3 quokkas
  2 ball pythons (D:2)
  3 frilled lizards
  3 kobolds
  2 rats
49 creatures vanquished.

Notes
Turn   | Place    | Note
-------+----------+-------------------------------------------
     0 | D:1      | porkupine the Naga Venom Mage began the quest for the Orb.
     0 | D:1      | Reached XP level 1. HP: 15/15 MP: 3/3
   294 | D:1      | Reached XP level 2. HP: 22/22 MP: 5/5
   497 | D:1      | Learned a level 2 spell: Poisonous Vapours
   848 | D:1      | Reached XP level 3. HP: 28/28 MP: 3/6
  1270 | D:2      | Noticed Jessica
  1275 | D:2      | Killed Jessica
  1276 | D:2      | Reached skill level 5 in Poison Magic
  1276 | D:2      | Reached XP level 4. HP: 36/36 MP: 4/8
  1405 | D:2      | Noticed Robin
  1435 | D:2      | Killed Robin
  1535 | D:2      | Reached XP level 5. HP: 42/42 MP: 6/9
  1546 | D:2      | Mangled by a gnoll

Illustrated notes

Levels and vault maps discovered:
D:1:      spicycebolla_arrival_clurvy, layout_basic,
          corexii_item_surrounded_by_moat, hangedman_abyss_or_decor_stabs
D:2:      layout_basic, shapermc_ecumenical_altar_mp_vishouse, uniq_robin,
          uniq_jessica

Skill      XL: |  1  2  3  4 |
---------------+-------------+-----
Dodging        | 2 |  2.7
Poison Magic   | 5 |  5.4
Spellcasting   | 3 |  3.1
Stealth        | |  3.0
Transmutations | |  1.0

Action                     |  1- 3 |  4- 6 || total
---------------------------+-------+-------++-------
  Melee: Dagger            |     2 |       ||     2
         Trident           |     5 |     4 ||     9
   Cast: Sting             |    29 |    24 ||    53
         Poisonous Vapours |    22 |    22 ||    44
Ability: Spit Poison       |    28 |    10 ||    38
    Use: Scroll            |     5 |       ||     5
   Stab: Sleeping          |     2 |       ||     2
 Armour: Robe              |     5 |     2 ||     7
  Dodge: Dodged            |     6 |    10 ||    16
